 Dungeon Crawl Stone Soup version 0.28.0-53-g5a82cb258f (webtiles) character file.

Game seed: 16166187517982100703

46 cbfl8 the Chopper (level 3, -3/34 HPs)
             Began as a Minotaur Berserker on July 12, 2022.
             Was a Believer of Trog.
             Slain by a gnoll
             ... wielding a +0 club
              (8 damage)
             ... on level 2 of the Dungeon.
             The game lasted 00:03:24 (1564 turns).

cbfl8 the Chopper (Minotaur Berserker)              Turns: 1564, Time: 00:03:25

Health: -3/34      AC:  6    Str: 21    XL:     3   Next: 46%
Magic:  2/2        EV: 11    Int:  4    God:    Trog [**....]
Gold:   92         SH:  0    Dex: 11    Spells: 2/2 levels left

rFire   . . .      SeeInvis .   a - +0 hand axe
rCold   . . .      Faith    .   (no shield)
rNeg    . . .      Spirit   .   e - +0 ring mail
rPois   .          Reflect  .   (helmet restricted)
rElec   .          Harm     .   (no cloak)
rCorr   .          Rampage  .   d - +0 pair of gloves
Will    .....                   (no boots)
Stlth   +.........              (no amulet)
HPRegen 0.11/turn               (no ring)
MPRegen 0.08/turn               (no ring)

@: about to teleport
A: horns 2, retaliatory headbutt
a: Renounce Religion, Berserk, Trog's Hand


You were on level 2 of the Dungeon.
You worshipped Trog.
Trog was pleased with you.
You visited 1 branch of the dungeon, and saw 2 of its levels.

You collected 92 gold pieces.

Inventory:

Hand Weapons
 a - a +0 hand axe (weapon)
Armour
 b - a +0 animal skin
 d - a +0 pair of gloves (worn)
 e - a +0 ring mail (worn)
Scrolls
 c - a scroll of vulnerability {unknown}
 i - a scroll of magic mapping {unknown}
 k - a scroll of identify {unknown}
 l - a scroll of fog {unknown}
Potions
 f - a potion of flight {unknown}
 g - 2 potions of attraction {unknown}
 h - a potion of brilliance {unknown}
 m - a potion of berserk rage {unknown}


   Skills:
 + Level 4.3 Fighting
 + Level 4.5 Axes
 + Level 2.7 Armour
 + Level 2.5 Dodging


You had 2 spell levels left.
You didn't know any spells.
Your spell library was empty.

Dungeon Overview and Level Annotations

Branches:
Dungeon (2/15)

Altars:
Zin


Innate Abilities, Weirdness & Mutations

You have a pair of horns on your head.
You reflexively headbutt those who attack you in melee.


Message History

A bat is nearby!
You hit the bat.
You kill the bat!
Trog accepts your kill.
You now have 92 gold pieces (gained 6).
Found a stone staircase leading up.
No target in view!
A gnoll comes into view. It is wielding a +0 whip.
The gnoll shouts!
You hear a shout!
A gnoll comes into view. It is wielding a +0 club.
You hear a shout!
A hobgoblin and a gnoll come into view.
Found a stone staircase leading down.
The hobgoblin shouts!
The gnoll shouts!
There are monsters nearby!
Found a stone staircase leading down.
The gnoll closely misses you. The gnoll hits you but does no damage.
There are monsters nearby!
You hit the gnoll.
The gnoll is lightly wounded.
You barely miss the gnoll. The gnoll hits you with a +0 halberd.
The gnoll hits you with a +0 whip.
There are monsters nearby!
You barely miss the gnoll.
The gnoll is lightly wounded.
You hit the gnoll. The gnoll hits you with a +0 halberd.
The gnoll hits you with a +0 whip.
There are monsters nearby!
You hit the gnoll.
The gnoll is moderately wounded.
You closely miss the gnoll. The gnoll hits you with a +0 halberd!
* * * LOW HITPOINT WARNING * * *
The hobgoblin barely misses you. The gnoll hits you with a +0 whip.
* * * LOW HITPOINT WARNING * * *
There are monsters nearby!
Okay, then.
As you read the scroll labelled CISINEIGHO, it crumbles to dust.
You feel strangely unstable.
It was a scroll of teleportation.
The gnoll hits you with a +0 club!
You die...

#........#
#........#
#........#
#......>.#
#....<...#
#..g.....#
##
#..ggg..>#
.# .# #@#
.# .# #.#
.# #.# #.#
.# #.# #.#
.###.# #.#
..##.# #.#
..#..##
##.#
......#
######..#
......#
#.......#


You could see 3 gnolls and a hobgoblin.

Vanquished Creatures
  A ball python (D:2)
  4 endoplasms
  A giant cockroach (D:1)
  5 goblins (D:1)
  4 hobgoblins
  7 jackals
  3 kobolds (D:1)
  3 quokkas (D:1)
  5 bats
  4 frilled lizards
  4 rats (D:1)
41 creatures vanquished.

Notes
Turn   | Place    | Note
-------+----------+-------------------------------------------
     0 | D:1      | cbfl8 the Minotaur Berserker began the quest for the Orb.
     0 | D:1      | Reached XP level 1. HP: 19/19 MP: 0/0
   277 | D:1      | Reached XP level 2. HP: 25/27 MP: 1/1
   496 | D:1      | You fall into a shaft and drop 1 floor!
   560 | D:2      | Found a glowing silver altar of Zin.
   891 | D:1      | Reached XP level 3. HP: 33/33 MP: 2/2
   891 | D:1      | Reached ** piety under Trog
   979 | D:1      | Found a faded altar of an unknown god.
  1564 | D:2      | Slain by a gnoll

Illustrated notes

Levels and vault maps discovered:
D:1:      dpeg_arrival_rooms_a, layout_basic, serial_curves, eino_curves_01,
          eino_curves_01, ebering_ecumenical_altar_mist
D:2:      minmay_kobold_bridge, layout_rooms, basic_altar

Skill      XL: |  1  2 |
---------------+-------+-----
Fighting       | 4 |  4.3
Axes           | 4 |  4.5
Armour         | |  2.7
Dodging        | |  2.5

Action                   || total
-------------------------++-------
Melee: Hand axe          ||    77
       Headbutt          ||     8
       Punch             ||     1
  Use: Scroll            ||     1
Armor: Animal skin       ||     5
       Ring mail         ||    28
Dodge: Dodged            ||    56
